 Dungeon Crawl Stone Soup version 0.18.1-50-g88ac8fd (webtiles) character file.

56 Inkary the Chopper (level 4, 0/35 HPs)
             Began as a Formicid Fighter on Sept 17, 2016.
             Succumbed to an adder's poison
             ... on level 2 of the Dungeon.
             The game lasted 00:02:17 (998 turns).

Inkary the Chopper (Formicid Fighter)                Turns: 998, Time: 00:02:18

Health: 0/35       AC:  6    Str: 22    XL:     4   Next: 15%
Magic:  4/4        EV:  8    Int:  7    God:
Gold:   43         SH:  9    Dex: 10    Spells: 0 memorised, 3 levels left

rFire  . . .     SeeInvis +     a - +0 war axe
rCold  . . .     Gourm    .     b - +0 scale mail
rNeg   . . .     Faith    .     c - +0 shield
rPois  .         Spirit   .     (helmet unavailable)
rElec  .         Dismiss  .     (no cloak)
rCorr  .         Reflect  .     (no gloves)
SustAt .         Harm     .     (no boots)
MR     .....                    (no amulet)
Stlth  ..........               (no ring)
                                (no ring)

@: lethally poisoned (0 -> -3), not resistant to hostile enchantments, extremely
unstealthy
A: permanent stasis, dig shafts and tunnels, four strong arms, antennae 3
a: Dig, Shaft Self


You were on level 2 of the Dungeon.
You were not hungry.

You visited 1 branch of the dungeon, and saw 2 of its levels.

You collected 43 gold pieces.

Inventory:

Hand Weapons
 a - a +0 war axe (weapon)
Armour
 b - a +0 scale mail (worn)
 c - a +0 shield (worn)
Jewellery
 j - an uncursed ring of protection from magic {unknown}
Scrolls
 g - 2 scrolls of identify {unknown}
Potions
 d - a potion of might
 e - a potion of lignification {unknown}
 h - a potion of berserk rage {unknown}
 i - a potion of agility {unknown}
 l - 2 potions of degeneration {unknown}
Comestibles
 f - a bread ration
 k - a chunk of flesh


   Skills:
 - Level 3.2 Fighting
 + Level 4.1 Axes
 - Level 3.2 Armour
 - Level 3.6 Shields


You had 3 spell levels left.
You didn't know any spells.

Dungeon Overview and Level Annotations

Branches:
Dungeon (2/15)

Altars:

Annotations:
D:2 Natasha


Innate Abilities, Weirdness & Mutations

You are under a permanent stasis effect.
You can dig through walls and to a lower floor.
Your four strong arms can wield two-handed weapons with a shield.
You have a pair of large antennae on your head (SInv).


Message History

You slash the adder!
You kill the adder!
Your Axes skill increases to level 4!
You have reached level 4!
You feel stronger.
You feel sick.
You feel sick.
You now have 43 gold pieces (gained 5).
You feel sick.
You feel sick.
You feel sick.
You open the door.
You feel sick.
There is an open door here.
You feel sick.
You feel sick.
Natasha, Servant of Life and Death comes into view.
Natasha is nearby!
Natasha casts a spell at you. The magic dart hits you!
* * * LOW HITPOINT WARNING * * *
You die...

........h... ..............
......... #............#
#........ #####............#
#.......#
...................###.......#
..............................
...........###................
..........>...................
............รท...@........(....
..........####................
..........# #.#'#####).......
..........####.#.# #........
.....##........#.# #........
.....##.########.# #........
.....##.#..)..<#.# #........
####.##.###.####.# #########
#.............#


There were no monsters in sight!

Vanquished Creatures
  An adder (D:2)
  2 oozes (D:1)
  A worm (D:2)
  A dart slug (D:1)
  2 giant geckos
  2 ball pythons
  2 bats (D:1)
  A giant cockroach (D:1)
  6 hobgoblins (D:1)
  2 jackals (D:1)
  5 kobolds
  3 giant newts (D:1)
  A goblin (D:1)
  4 rats
33 creatures vanquished.

Notes
Turn   | Place    | Note
--------------------------------------------------------------
     0 | D:1      | Inkary the Formicid Fighter began the quest for the Orb.
     0 | D:1      | Reached XP level 1. HP: 18/18 MP: 1/1
    25 | D:1      | Reached XP level 2. HP: 14/24 MP: 2/2
   332 | D:1      | Reached skill level 3 in Axes
   355 | D:1      | Reached XP level 3. HP: 26/29 MP: 3/3
   982 | D:2      | Reached skill level 4 in Axes
   982 | D:2      | Reached XP level 4. HP: 16/35 MP: 4/4
   995 | D:2      | Noticed Natasha
   996 | D:2      | HP: 1/35 [Natasha/magic dart (9)]
   998 | D:2      | Succumbed to an adder's poison

Skill      XL: |  1  2  3 |
---------------+----------+-----
Axes           | 3 4 |  4.1
Fighting       | |  3.2
Armour         | |  3.2
Shields        | |  3.6

Action                   |  1- 3 |  4- 6 || total
-------------------------+-------+-------++-------
Melee: War axe           |    97 |       ||    97
Armor: Scale mail        |    35 |       ||    35
Dodge: Dodged            |    25 |       ||    25
Block: Shield            |    47 |       ||    47
